AoeStats
← lpmurphyanalytics

Arena

504925198Analyzed
4v4 RM · 26d ago on Sep 7, 2026· 53m 3s· 8 players
Game mode
Random Map
Map size
Large (8 player)
Population
200
Speed
Normal
Resources
Standard
Victory
Conquest
Starting age
Dark Age
Ending age
Imperial Age
RankedLock teamsTeams togetherTeam positionsShared explorationLock speedFull tech treeHidden civsTurbo modeCheats
Victory
Defeat
🇨🇦 Bulgarians · Canada
972
+11
🇨🇦 Spanish · Canada
962
+11
🇨🇦 Mongols · Canada
940
+12
🇨🇦 Franks · Canada
846
+17
🇺🇸 Bohemians · United States
903
-15
🇺🇸 Dravidians · United States
868
-13
🇺🇸 Teutons · United States
855
-13
🇲🇽 Malians · Mexico
796
-10
lpmurphyanalytics
10:47 Feudal Age
11:20 Double-Bit Axe
15:22 Horse Collar
19:37 Castle Age
18:52 Loom
19:08 Fletching
19:20 Padded Archer Armor
23:43 Thumb Ring
25:09 Husbandry
27:51 Bodkin Arrow
33:12 Town Watch
41:02 Wheelbarrow
45:05 Elite Skirmisher
46:16 Heavy Plow
48:29 Ballistics
Dr. Fishy
3:00 Loom
13:12 Feudal Age
13:20 Feudal Age
14:16 Double-Bit Axe
14:13 Horse Collar
15:10 Wheelbarrow
14:20 Town Watch
18:41 Castle Age
18:13 Town Watch
19:30 Heavy Plow
19:42 Bow Saw
19:49 Hand Cart
21:58 Squires
21:19 Pikeman
26:27 Wagenburg Tactics
26:31 Padded Archer Armor
26:23 Fletching
28:21 Bodkin Arrow
28:41 Leather Archer Armor
37:52 Imperial Age
36:38 Ballistics
36:30 Masonry
36:01 Treadmill Crane
36:10 Treadmill Crane
36:51 Fortified Wall
38:42 Elite Hussite Wagon
39:46 Conscription
40:51 Chemistry
40:22 Architecture
48:22 Halberdier
49:29 Halberdier
Williamjason007
11:48 Feudal Age
12:19 Double-Bit Axe
14:31 Horse Collar
20:35 Castle Age
18:46 Gold Mining
19:10 Stone Mining
20:48 Forging
20:38 Scale Mail Armor
22:18 Pikeman
22:58 Squires
23:23 Heavy Plow
24:26 Fletching
25:39 Stone Shaft Mining
26:59 Iron Casting
36:41 Imperial Age
36:48 Onager
Ali
10:59 Feudal Age
15:07 Horse Collar
21:08 Castle Age
19:09 Stone Mining
19:55 Man-at-Arms
20:48 Forging
20:39 Scale Mail Armor
20:37 Gold Mining
20:45 Double-Bit Axe
22:09 Wheelbarrow
22:41 Stone Shaft Mining
24:03 Iron Casting
23:21 Long Swordsman
24:15 Murder Holes
26:11 Fortified Wall
26:20 Chain Mail Armor
29:57 Pikeman
Mistyco89
11:59 Feudal Age
16:28 Castle Age
16:26 Loom
16:36 Double-Bit Axe
16:36 Horse Collar
17:20 Fletching
23:27 Bow Saw
23:19 Gold Mining
23:27 Bodkin Arrow
24:02 Forging
23:49 Pikeman
25:18 Padded Archer Armor
26:18 Squires
27:09 Heavy Plow
28:08 Scale Mail Armor
31:45 Wheelbarrow
31:43 Chain Mail Armor
36:50 Ballistics
38:50 Gold Shaft Mining
38:35 Leather Archer Armor
40:52 Hand Cart
46:47 Imperial Age
49:08 Chemistry
48:12 Bracer
49:52 Town Watch
52:41 Murder Holes
52:52 Capped Ram
Lisan Al Gaib
12:43 Feudal Age
14:32 Loom
15:25 Wheelbarrow
18:03 Castle Age
15:50 Horse Collar
15:58 Double-Bit Axe
19:18 Gold Mining
20:23 Hand Cart
24:26 Bow Saw
25:38 Stone Mining
26:00 Bloodlines
25:51 Husbandry
28:43 Loom
32:24 Imperial Age
34:29 Conscription
33:36 Onager
35:53 Stone Shaft Mining
38:44 Cavalier
39:39 Elite Conquistador
44:46 Forging
44:41 Scale Barding Armor
45:26 Paladin
51:44 Iron Casting
51:30 Chain Barding Armor
Klauzzerxz
10:11 Feudal Age
10:22 Loom
12:38 Double-Bit Axe
21:57 Scale Barding Armor
22:04 Forging
26:06 Castle Age
25:49 Stone Mining
25:53 Gold Mining
39:56 Bow Saw
40:46 Gold Shaft Mining
45:39 Imperial Age
45:24 Husbandry
46:00 Cavalier
51:14 Chain Barding Armor
51:29 Iron Casting
ronaldvinces1992
12:06 Feudal Age
10:24 Loom
17:26 Castle Age
16:11 Forging
16:09 Scale Barding Armor
17:13 Scale Mail Armor
20:16 Stirrups
21:46 Iron Casting
22:19 Chain Barding Armor
28:45 Husbandry
28:56 Bloodlines
32:39 Fletching
52:01 Chain Mail Armor
54:42 Imperial Age
Connection lost

Rejoining the realm…

Still unreachable

The connection could not be restored.

Session expired

The server has moved on; the page needs a fresh start.